 Dungeon Crawl Stone Soup version 0.22.0-27-ga576289 (webtiles) character file.

9618 Monsterracer the Cleaver (level 11, 0/99 HPs)
             Began as a Hill Orc Earth Elementalist on Aug 22, 2018.
             Was a Priest of Beogh.
             Slain by Erica
             ... wielding a +2 scimitar of flaming
              (3 damage)
             ... on level 11 of the Dungeon.
             The game lasted 00:26:42 (15634 turns).

Monsterracer the Cleaver (HOEE)                    Turns: 15634, Time: 00:26:43

Health: 0/99       AC: 11    Str: 15    XL:     11   Next: 49%
Magic:  17/17      EV:  8    Int: 15    God:    Beogh [***...]
Gold:   280        SH:  0    Dex: 11    Spells: 12/13 levels left

rFire    x . .     SeeInvis .   a - +3 battleaxe (freeze)
rCold    + . .     Gourm    +   (shield currently unavailable)
rNeg     . . .     Faith    .   w - +0 chain mail
rPois    +         Spirit   .   (no helmet)
rElec    .         Reflect  .   H - +0 cloak {rPois}
rCorr    .         Harm     .   (no gloves)
MR       +....                  (no boots)
Stlth    ..........             r - amulet of the gourmand
HPRegen  0.26/turn              q - ring of protection from magic {!d}
MPRegen  0.15/turn              v - ring of ice

@: slowed, very slow
A: no striking features
a: Smiting, Renounce Religion


You were on level 11 of the Dungeon.
You worshipped Beogh.
Beogh was most pleased with you.
You were very full.

You visited 1 branch of the dungeon, and saw 11 of its levels.
You also visited: Sewer.

You collected 524 gold pieces.
You spent 244 gold pieces at shops.

Inventory:

Hand Weapons
 a - a +3 battleaxe of freezing (weapon)
 b - a +2 flail
 B - a +0 whip of freezing
 D - a +0 broad axe
Armour
 w - a +0 chain mail (worn)
 A - a +0 plate armour
 H - a +0 cloak of poison resistance (worn)
Jewellery
 q - a ring of protection from magic (left hand) {!d}
 r - an amulet of the gourmand (around neck)
 v - a ring of ice (right hand)
 E - an uncursed ring of fire
 F - an uncursed ring of resist corrosion
 G - a +5 ring of dexterity
Wands
 f - a wand of iceblast (36)
 l - a wand of polymorph (2)
 n - a wand of clouds (6)
 x - a wand of flame (57)
Scrolls
 e - 2 scrolls of fog
 g - 9 scrolls of teleportation {!r}
 h - 10 scrolls of identify
 j - 2 scrolls of magic mapping {!r}
 k - 2 scrolls of remove curse
 s - 2 scrolls of blinking
 u - a scroll of silence
 C - a scroll of fear {!r}
Potions
 d - 2 potions of magic
 m - 2 potions of flight
 o - 4 potions of curing
 p - a potion of might
 t - 2 potions of haste
 z - 2 potions of resistance
Comestibles
 c - 14 rations


   Skills:
 + Level 9.8 Fighting
 * Level 14.4 Axes
 + Level 5.4 Armour
 - Level 3.7 Dodging
 - Level 1.5 Stealth
 - Level 1.5 Spellcasting
   Level 0.6 Transmutations
 - Level 5.5 Earth Magic
 + Level 8.5 Invocations


You had 12 spell levels left.
You knew the following spells:

 Your Spells              Type           Power        Failure   Level  Hunger
a - Sandblast             Erth           ###...       38%         1    ##.....

Your spell library contained the following spells:

 Spells                   Type           Power        Failure   Level  Hunger
 Passwall                 Tmut/Erth      ##......     86%         2    ###....
 Stone Arrow              Conj/Erth      #.....       98%         3    ####...
 Corona                   Hex            #......      99%         1    ##.....
 Slow                     Hex            #.......     99%         2    ###....
 Swiftness                Chrm/Air       #.......     99%         2    ###....
 Inner Flame              Hex/Fire       #.......     100%        3    ####...
 Portal Projectile        Hex/Tloc       #.....       100%        3    ####...
 Cause Fear               Hex            #.........   100%        4    #####..
 Leda's Liquefaction      Hex/Erth       #.........   100%        4    #####..
 Passage of Golubria      Tloc           N/A          100%        4    #####..
 Petrify                  Tmut/Erth      ##......     100%        4    #####..
 Lee's Rapid Deconstruct  Erth           ###.......   100%        5    ######.
 Darkness                 Hex            #.........   100%        6    #######
 Invisibility             Hex            #.......     100%        6    #######


Dungeon Overview and Level Annotations

Branches:
Dungeon (11/15)            Temple (0/1) D:4            Lair (0/6) D:9
    Orc: D:9-12

Altars:
Ashenzari
Xom
Yredelemnul

Shops:
D:6 (   D:8 (?

Annotations:
D:5 Edmund
D:10 1 runed door, Tovarisch's ghost, journeyman OgVM
D:11 Erica


Message History

The troll is severely wounded.
You miss something. You closely miss something. Something hits you.
The troll closely misses you. The troll claws you!
* * * LOW HITPOINT WARNING * * *
The troll closely misses you.
You take 11 damage, and have 47/99 hp.
You slash the troll! You freeze the troll.
You kill the troll!
Beogh accepts your kill.
You hit something. You freeze something. Beogh blesses you with reinforcements.
Something hits you but does no damage.
You hear some strange, mumbled words.
A bolt of poison appears from out of thin air!
The bolt of poison misses you. Something hits your orc.
You swap places.
Something hits your orc. Something hits your orc!
Your orc dies!
You hear some strange, mumbled words.
Something tries to affect you, but you resist.
Something hits your orc wizard.
Your orc barely misses something.
Your orc closely misses something.
Your orc wizard barely misses something.
Found a stone staircase leading down.
You see here a bullfrog corpse.
You slash something! You freeze something. Something hits your orc!
Your orc dies!
Something hits you.
* * * LOW HITPOINT WARNING * * *
Something burns you.
* * * LOW HITPOINT WARNING * * *
You take 2 damage, and have 45/99 hp.
You closely miss something. Something hits your orc.
Something hits you but does no damage.
Your chain mail prevents you from hitting something.
Your orc hits something but does no damage.
Something hits you.
* * * LOW HITPOINT WARNING * * *
Something burns you.
* * * LOW HITPOINT WARNING * * *
You take 3 damage, and have 42/99 hp.
Something hits your orc!
Your orc dies!
Something misses your orc. Something hits you!
* * * LOW HITPOINT WARNING * * *
Something burns you.
* * * LOW HITPOINT WARNING * * *
You take 12 damage, and have 30/99 hp.
Something hits your orc.
Unknown command.
Unknown command.
Something hits your orc.
Your orc hits something with a mace. Really attack your ally the orc wizard?
This attack would place you under penance!
Okay, then.
Something hits you but does no damage. Something hits your orc wizard!
Your orc hits something with a mace.
Something closely misses your orc wizard.
Something barely misses your orc wizard.
Something hits your orc wizard!
Your orc wizard dies!
Something hits you but does no damage.
Your orc closely misses something.
Unknown command.
Something hits you.
* * * LOW HITPOINT WARNING * * *
Something hits your orc wizard but does no damage.
Something hits you!
* * * LOW HITPOINT WARNING * * *
Something burns you.
* * * LOW HITPOINT WARNING * * *
You take 14 damage, and have 17/99 hp.
Something hits you.
* * * LOW HITPOINT WARNING * * *
Your orc hits something with a mace. Something hits your orc wizard.
You hear some strange, mumbled words.
You feel yourself slow down.
You take 1 damage, and have 16/99 hp.
Something hits your orc wizard.
Your orc closely misses something.
Something hits you!
* * * LOW HITPOINT WARNING * * *
Something burns you.
* * * LOW HITPOINT WARNING * * *
Your orc barely misses something.
You take 9 damage, and have 7/99 hp.
Something hits your orc.
Your orc dies!
Something hits you but does no damage.
Unknown command.
Something hits you but does no damage. x2; Something hits you.
* * * LOW HITPOINT WARNING * * *
Something burns you.
* * * LOW HITPOINT WARNING * * *
You take 2 damage, and have 6/99 hp.
Something hits your orc wizard. Something hits you but does no damage.
Unknown command.
Something hits your orc wizard!
Your orc wizard dies!
Something hits you but does no damage. Something hits you but does no damage.
Something hits you.
* * * LOW HITPOINT WARNING * * *
Something burns you.
You die...

#..... #.....#......
#.....######.....#).....
#................'......
#................#......
#......)....####.#))....
#../....##### #.#......
#......)# #.#######
#.....){# #...>....
#.....)@# #........
#.......# #........
#.......########........
####....................
#............<.......
#..............######
#...>..........#
################


There were no monsters in sight!

Vanquished Creatures
  2 two-headed ogres
  Pikel (D:3)
  A deep elf mage (D:8)
  Maurice (D:9)
  2 trolls
  Prince Ribbit (D:9)
  Grinder (D:6)
  Sigmund (D:9)
  A spriggan (D:7)
  A centaur simulacrum (D:11)
  9 yaks
  A wyvern (D:8)
  Menkaure (D:4)
  A hungry ghost (D:9)
  An orc warrior (D:9)
  A sky beast (D:9)
  2 black bears (D:8)
  A phantom (D:8)
  2 slaves (D:4)
  2 ice beasts
  3 ogres
  2 centaurs
  2 big kobolds (Sewer)
  3 bullfrogs
  2 scorpions
  10 wights
  11 killer bees
  6 howler monkeys
  3 crimson imps
  A centaur zombie (D:9)
  2 jellies
  9 orc wizards
  A quasit (D:10)
  A bullfrog skeleton (D:8)
  5 centaur skeletons
  4 hounds
  5 orc priests
  2 iguanas
  Ijyb (D:3)
  Terence (D:3)
  5 worker ants
  2 hound zombies
  2 hound skeletons
  A worker ant zombie (D:9)
  9 adders
  2 river rats (Sewer)
  A shadow imp (D:8)
  2 white imps (D:11)
  2 ufetubi (D:11)
  4 oozes
  An adder zombie (D:4)
  3 adder skeletons
  3 worms
  A dart slug (D:4)
  6 leopard geckos
  32 orcs
  7 bats
  5 giant cockroaches
  5 goblins
  6 hobgoblins
  3 jackals
  15 kobolds
  3 quokkas
  3 ball pythons
  9 frilled lizards
  A quokka skeleton (D:4)
  6 rats
  A spectral orc (D:2)
247 creatures vanquished.

Vanquished Creatures (others)
  2 orc wizards (D:11)
  4 orcs (D:11)
6 creatures vanquished.

Grand Total: 253 creatures vanquished

Notes
Turn   | Place    | Note
-------+----------+-------------------------------------------
     0 | D:1      | Monsterracer the Hill Orc Earth Elementalist began the quest for the Orb.
     0 | D:1      | Reached XP level 1. HP: 14/14 MP: 3/3
    50 | D:1      | Reached skill level 1 in Fighting
   141 | D:1      | Reached XP level 2. HP: 23/23 MP: 4/4
  1121 | D:2      | Reached XP level 3. HP: 30/30 MP: 2/5
  1232 | D:2      | Found a basalt altar of Yredelemnul.
  1577 | D:3      | Noticed Terence
  1588 | D:3      | HP: 12/30 [Terence/hand axe (8)]
  1589 | D:3      | Killed Terence
  1779 | D:3      | Reached skill level 1 in Axes
  1779 | D:3      | Reached XP level 4. HP: 37/38 MP: 6/6
  2078 | D:3      | HP: 18/38 [adder (4)]
  2079 | D:3      | Reached skill level 2 in Axes
  2082 | D:3      | HP: 8/38 [poisoned by an adder]
  2086 | D:3      | HP: 3/38 [orc/club (2)]
  2103 | D:3      | HP: 5/38 [orc/club (4)]
  2659 | D:3      | Noticed an ogre
  2669 | D:3      | HP: 6/38 [ogre/giant spiked club (21)]
  2698 | D:3      | Killed an ogre
  2698 | D:3      | Reached skill level 4 in Axes
  2698 | D:3      | Reached XP level 5. HP: 11/45 MP: 0/7
  2957 | D:3      | Noticed Ijyb
  2970 | D:3      | Killed Ijyb
  2970 | D:3      | Reached skill level 5 in Axes
  3259 | D:4      | Noticed Menkaure
  3271 | D:4      | HP: 15/45 [Menkaure (9)]
  3272 | D:4      | Killed Menkaure
  3272 | D:4      | Reached XP level 6. HP: 18/52 MP: 1/8
  3493 | D:4      | Reached skill level 6 in Axes
  3645 | D:4      | Found a glowing drain.
  3661 | D:4      | HP: 26/52 [poisoned by an adder]
  3814 | Sewer    | Entered a sewer
  3824 | Sewer    | Reached XP level 7. HP: 55/59 MP: 9/9
  4361 | Sewer    | Reached skill level 7 in Axes
  4642 | D:4      | HP: 27/60 [centaur skeleton (4)]
  4647 | D:4      | HP: 8/60 [iguana (11)]
  4663 | D:4      | HP: 10/60 [quokka skeleton (1)]
  4923 | D:4      | Became a worshipper of Beogh the Brigand
  5198 | D:4      | Noticed Pikel
  5234 | D:4      | HP: 30/60 [Pikel/whip of freezing (4)]
  5244 | D:4      | HP: 21/60 [Pikel/whip of freezing (7)]
  5675 | D:4      | HP: 26/60 [slave[Pikel] (5)]
  5912 | D:4      | HP: 24/60 [Pikel/whip of freezing (9)]
  5913 | D:4      | HP: 11/60 [Pikel/whip of freezing (11)]
  5944 | D:4      | HP: 15/60 [Pikel/whip of freezing (1)]
  5945 | D:4      | HP: 6/60 [Pikel/whip of freezing (8)]
  5945 | D:4      | HP: 2/60 [Pikel/whip of freezing (4)]
  5999 | D:4      | HP: 10/60 [Pikel/whip of freezing (3)]
  6021 | D:4      | HP: 10/60 [Pikel/whip of freezing (4)]
  6057 | D:4      | HP: 12/60 [Pikel/whip of freezing (3)]
  6088 | D:4      | HP: 11/60 [Pikel/whip of freezing (3)]
  6090 | D:4      | HP: 4/60 [Pikel/whip of freezing (6)]
  6423 | D:3      | HP: 30/60 [Pikel/whip of freezing (1)]
  6441 | D:3      | HP: 27/60 [Pikel/whip of freezing (4)]
  6451 | D:3      | HP: 14/60 [Pikel/whip of freezing (5)]
  6468 | D:3      | HP: 12/60 [Pikel/whip of freezing (5)]
  6491 | D:3      | HP: 13/60 [Pikel/whip of freezing (2)]
  6510 | D:3      | HP: 11/60 [Pikel/whip of freezing (5)]
  6512 | D:3      | Killed Pikel
  6512 | D:3      | Reached skill level 5 in Fighting
  6512 | D:3      | Reached skill level 9 in Axes
  6512 | D:3      | Reached skill level 5 in Earth Magic
  6512 | D:3      | Reached XP level 8. HP: 10/70 MP: 1/10
  6815 | D:4      | Found a staircase to the Ecumenical Temple.
  6977 | D:5      | Entered Level 5 of the Dungeon
  7315 | D:5      | Found a shattered altar of Ashenzari.
  7424 | D:5      | Reached skill level 1 in Invocations
  7527 | D:5      | Noticed Edmund
  7535 | D:5      | Reached skill level 1 in Armour
  7549 | D:5      | HP: 27/70 [orc priest/divine providence (11)]
  7564 | D:5      | HP: 17/70 [orc priest/divine providence (14)]
  8209 | D:5      | HP: 31/70 [centaur skeleton (7)]
  8211 | D:5      | HP: 11/70 [centaur skeleton (5)]
  8978 | D:6      | Got a bloodstained leather armour
  8992 | D:6      | Identified the +5 leather armour of Iwneh {rElec rPois Int+2} (You found it on level 6 of the Dungeon)
  9012 | D:6      | Got an ominously black robe
  9014 | D:6      | Found Doqer's Antique Weapon Shoppe.
  9022 | D:6      | Reached * piety under Beogh
  9057 | D:6      | Noticed Grinder
  9081 | D:6      | HP: 33/71 [Grinder (4)]
  9102 | D:4      | Learned a level 1 spell: Sandblast
  9380 | D:6      | Noticed Sigmund
  9389 | D:6      | Paralysed by Grinder for 5 turns
  9552 | D:6      | Got a crude hand axe
  9573 | D:6      | Identified the +8 hand axe "Niyfidess" {elec, *Rage rElec Dex+4} (You found it on level 6 of the Dungeon)
  9580 | D:6      | Killed Grinder
  9580 | D:6      | Reached skill level 10 in Axes
  9580 | D:6      | Reached XP level 9. HP: 73/78 MP: 7/11
 10647 | D:8      | Reached skill level 11 in Axes
 10966 | D:8      | Noticed a deep elf mage
 10979 | D:8      | Killed a deep elf mage
 10979 | D:8      | Reached skill level 5 in Invocations
 11093 | D:8      | Reached XP level 10. HP: 78/88 MP: 12/14
 11095 | D:8      | Reached ** piety under Beogh
 11192 | D:8      | Found Esueg's Magic Scroll Shop.
 11200 | D:8      | Bought a scroll of teleportation for 36 gold pieces
 11200 | D:8      | Bought a scroll of blinking for 90 gold pieces
 11200 | D:8      | Bought a scroll of teleportation for 36 gold pieces
 11200 | D:8      | Bought a scroll of fear for 42 gold pieces
 11213 | D:8      | Found Opleben's Weapon Shop.
 11218 | D:8      | Bought a +0 broad axe for 40 gold pieces
 11359 | D:8      | Reached skill level 12 in Axes
 11886 | D:9      | Killed Sigmund
 11920 | D:9      | HP: 44/89 [orc warrior/enchanted trident (14)]
 11927 | D:9      | HP: 39/90 [orc/club (5)]
 12200 | D:9      | Noticed Maurice
 12340 | D:9      | Noticed a two-headed ogre
 12348 | D:9      | Killed a two-headed ogre
 12388 | D:9      | Killed Maurice
 12388 | D:9      | Reached skill level 13 in Axes
 12474 | D:9      | Noticed Prince Ribbit
 12616 | D:9      | Found a staircase to the Lair.
 12752 | D:9      | Killed Prince Ribbit
 13132 | D:10     | Entered Level 10 of the Dungeon
 13245 | D:10     | HP: 45/91 [yak (9)]
 13253 | D:10     | Reached XP level 11. HP: 40/97 MP: 16/16
 13254 | D:10     | HP: 32/97 [yak (9)]
 13266 | D:10     | HP: 25/97 [quasit (1)]
 13376 | D:10     | HP: 47/97 [wight/short sword (3)]
 13381 | D:10     | HP: 27/97 [wight/enchanted long sword (4)]
 13387 | D:10     | HP: 18/97 [wight/enchanted flail (6)]
 13395 | D:10     | HP: 19/97 [wight/hand axe (1)]
 13794 | D:10     | Reached *** piety under Beogh
 14553 | D:10     | Found a runed door.
 14553 | D:10     | Found a shimmering altar of Xom.
 14553 | D:10     | Noticed Tovarisch's ghost (journeyman OgVM)
 14553 | D:10     | Noticed a long sword of chaos
 14793 | D:11     | Noticed a two-headed ogre
 14797 | D:11     | Reached skill level 14 in Axes
 14797 | D:11     | HP: 46/97 [scorpion (4)]
 14798 | D:11     | HP: 16/97 [two-headed ogre/giant club (16)]
 14799 | D:11     | Killed a two-headed ogre
 14799 | D:11     | Reached skill level 5 in Armour
 14942 | D:11     | HP: 47/99 [centaur warrior simulacrum (5)]
 14948 | D:11     | HP: 38/99 [yak (5)]
 14960 | D:11     | HP: 27/99 [yak (13)]
 14963 | D:11     | HP: 12/99 [yak (9)]
 15027 | D:11     | HP: 22/99 [killer bee (2)]
 15032 | D:11     | HP: 19/99 [poisoned by a killer bee]
 15034 | D:11     | HP: 9/99 [killer bee (1)]
 15036 | D:11     | HP: 3/99 [killer bee (2)]
 15044 | D:11     | HP: 2/99 [poisoned by a killer bee]
 15052 | D:11     | HP: 2/99 [poisoned by a killer bee]
 15061 | D:11     | HP: 4/99 [white imp/puff of frost (1)]
 15114 | D:11     | Noticed a purple ugly thing
 15147 | D:11     | HP: 25/99 [ufetubus (1)]
 15606 | D:11     | Noticed Erica
 15616 | D:11     | HP: 47/99 [troll (7)]
 15621 | D:11     | HP: 43/99 [something (2)]
 15627 | D:11     | HP: 31/99 [something (1)]
 15629 | D:11     | HP: 8/99 [something (8)]
 15634 | D:11     | HP: 3/99 [something (4)]
 15634 | D:11     | Slain by Erica

Skill      XL: |  1  2  3  4  5  6  7  8  9 10 11 |
---------------+----------------------------------+-----
Fighting       | 1 2 3 4 5 6 7 9 |  9.8
Axes           | 1 4 5 6 9 10 11 13 14 | 14.4
Earth Magic    | 4 5 |  5.5
Invocations    | 3 5 7 8 |  8.5
Armour         | 1 4 5 |  5.4
Dodging        | 2 3 |  3.7
Stealth        | |  1.5
Spellcasting   | |  1.5
Transmutations | |  0.6

Action                   |  1- 3 |  4- 6 |  7- 9 | 10-12 || total
-------------------------+-------+-------+-------+-------++-------
Melee: Unarmed           |    58 |       |       |     2 ||    60
       Short sword       |    46 |    31 |       |       ||    77
       Hand axe          |       |    37 |    91 |    72 ||   200
       War axe           |       |    19 |   303 |       ||   322
       Battleaxe         |       |       |       |   198 ||   198
 Cast: Sandblast         |    13 |    42 |    73 |       ||   128
Invok: Convert to Beogh  |       |       |     1 |       ||     1
       Smiting           |       |       |       |     4 ||     4
Evoke: Wand              |       |       |     2 |     6 ||     8
  Use: Potion            |       |     4 |     1 |     1 ||     6
       Scroll            |       |       |    12 |     3 ||    15
 Stab: Sleeping          |     8 |     1 |     1 |     2 ||    12
  Eat: Chunk             |     2 |     9 |    14 |    20 ||    45
       Ration            |       |       |     5 |       ||     5
Armor: Robe              |    35 |    13 |     6 |       ||    54
       Ring mail         |       |    10 |    68 |       ||    78
       Leather armour    |       |       |    27 |    19 ||    46
       Chain mail        |       |       |       |    98 ||    98
Dodge: Dodged            |   100 |    92 |   209 |   127 ||   528

Vault maps used:
D:1:      scummos_arrival_checkerplants, minivault_11
D:2:      yredelemnul_forgotten_temple_becter
D:3:      first_ration, minmay_three_crescents, uniq_terence, uniq_ijyb
D:4:      temple_doors_ab, gup_sewer_entry_glass, minmay_box_of_dots,
          uniq_pikel, uniq_menkaure
D:5:      ashenzari_altar_1, uniq_edmund
D:6:      serial_shops, shop, minmay_holes, uniq_sigmund, uniq_grinder
D:7:      the_bakery, kennysheep_generic_room_3
D:8:      serial_shops, shop, kennysheep_little_box, guppyfry_early_elven_hall
D:9:      lair_entry_dummy, uniq_maurice, uniq_prince_ribbit1
D:10:     ebering_ghost_xom, kennysheep_potato
D:11:     serial_ice, serial_ice_b, serial_ice_d, serial_ice_n, serial_ice_m,
          serial_ice_f, serial_ice_c, serial_ice_i, serial_ice_a,
          portal_ice_cave_entry_pillars_1, serial_shops, shop, uniq_erica
Sewer:    sewer_co_15_rooms
